 Dungeon Crawl Stone Soup version 0.29.1-2-gbd0b4ee654 (webtiles) character file.

Game seed: 17436209942952461487

2764 Peloso the Carver (level 9, 0/78 HPs)
             Began as a Minotaur Fighter on Nov 30, 2022.
             Was a Priest of Okawaru.
             Slain by a hornet (8 damage)
             ... on level 8 of the Dungeon.
             The game lasted 00:16:04 (8055 turns).

Peloso the Carver (Minotaur Fighter)                Turns: 8055, Time: 00:16:04

Health: 0/78       AC: 16    Str: 24    XL:     9   Next: 42%
Magic:  8/8        EV:  9    Int:  8    God:    Okawaru [***...]
Gold:   250        SH:  5    Dex: 11    Spells: 8/8 levels left

rFire   + . .      SeeInvis .   a - +0 long sword
rCold   + . .      Faith    .   c - +0 buckler
rNeg    . . .      Spirit   .   d - +3 chain mail
rPois   .          Reflect  .   t - +0 hat of Evolution {Int+3 Slay+2}
rElec   .          Harm     .   i - scarf {rC+ rF+}
rCorr   .          Rampage  .   y - +0 pair of gloves
Will    .....                   u - +0 pair of boots
Stlth   ..........              (no amulet)
HPRegen 0.23/turn               (no ring)
MPRegen 0.11/turn               (no ring)

@: lethally poisoned (0 -> -6), marked, slowed, very slow
A: horns 2, retaliatory headbutt
a: Renounce Religion, Heroism


You were on level 8 of the Dungeon.
You worshipped Okawaru.
Okawaru was most pleased with you.
You visited 2 branches of the dungeon, and saw 10 of its levels.

You collected 250 gold pieces.

Inventory:

Hand Weapons
 a - a +0 long sword (weapon)
Armour
 b - a +0 scale mail
 c - a +0 buckler (worn)
 d - a +3 chain mail (worn)
 i - a scarf of resistance (worn)
 t - the +0 hat of Evolution (worn) {Int+3 Slay+2}
   (You found it on level 5 of the Dungeon)

   Int:       It affects your intelligence (+3).
   Slay:      It affects your accuracy & damage with ranged weapons and melee
   (+2).
 u - a +0 pair of boots (worn)
 y - a +0 pair of gloves (worn)
Jewellery
 v - a +4 ring of evasion
 w - a ring of magical power
 x - a ring of wizardry
 F - a ring of wizardry
Wands
 e - a wand of iceblast (31)
 s - a wand of flame (4)
 z - a wand of paralysis (6)
Scrolls
 j - a scroll of enchant weapon {unknown}
 k - a scroll of torment {unknown}
 m - a scroll of fear {unknown}
 o - a scroll of silence {unknown}
 p - a scroll of summoning {unknown}
 q - a scroll of blinking
 B - a scroll of teleportation
 D - 2 scrolls of identify
Potions
 f - 6 potions of curing
 g - a potion of brilliance
 h - a potion of haste
 n - a potion of ambrosia {unknown}
 r - a potion of might
 A - 2 potions of heal wounds {unknown}
 C - a potion of flight {unknown}
 E - a potion of resistance {unknown}


   Skills:
 + Level 6.6 Fighting
 + Level 10.3 Long Blades
 + Level 8.3 Armour
 + Level 2.6 Dodging
 + Level 1.2 Stealth
 + Level 7.0 Shields
 + Level 0.9 Invocations


You had 8 spell levels left.
You didn't know any spells.
Your spell library was empty.

Dungeon Overview and Level Annotations

Branches:
Dungeon (9/15)             Temple (1/1) D:7
   Lair: D:8-11         Orc: D:9-12

Altars:
Ashenzari
Cheibriados
Dithmenos
Elyvilon
Fedhas
Gozag
Hepliaklqana
Makhleb
Nemelex Xobeh
Okawaru
Qazlal
Ru
Sif Muna
Trog
Uskayaw
Vehumet
Wu Jian
Xom
Yredelemnul
Zin
The Shining One

Shops:
D:3 :   D:7 [

Annotations:
D:9 Pikel


Innate Abilities, Weirdness & Mutations

You have a pair of horns on your head.
You reflexively headbutt those who attack you in melee.


Message History

The sentinel's mark upon you fades away.
You start resting.
A vault sentinel is nearby!
A vault sentinel is nearby!
A vault sentinel is nearby!
Throw: throwing net
Press: ? - help, Q - select action, (/) - cycle Shift-Dir - straight line, f - vault sentinel
Aim: a vault sentinel, wielding a +0 arbalest and wearing a +0 ring mail (55% to hit)
You throw a throwing net.
The throwing net barely misses the vault sentinel.
The vault sentinel shoots a bolt.
The bolt barely misses you.
You gain the combat prowess of a mighty hero.
The vault sentinel blows a loud note on a signal horn!
You hear an angry buzzing noise.
You hear a shout! x3
Unknown command.
As you read the scroll labelled GIYMYO HIMI, it crumbles to dust.
You feel strangely unstable.
It was a scroll of teleportation.
The vault sentinel gestures at you while chanting.
A sentinel's mark forms upon you.
The vault sentinel blows a loud note on a signal horn!
The vault sentinel shoots a bolt.
The bolt barely misses you.
Your surroundings suddenly seem different.
You start resting.
You feel like a meek peon again.
You start resting.
A vault sentinel is nearby!
Found 16 gold pieces.
A hornet comes into view.
The vault sentinel blows a loud note on a signal horn!
The hornet stings you but does no damage.
The hornet stings you but does no damage.
You see here 16 gold pieces.
The hornet stings you!
* * * LOW HITPOINT WARNING * * *
You are poisoned.
You feel yourself slow down.
* * * LOW HITPOINT WARNING * * *
You feel very sick. The hornet stings you!
You die...

.. #. .. .# ##.# #..
#.# ##@# #y## #$##
##..### ## #.....##
.# ##......## ####.#
#........## #.....
#.#.......## #.....
#.#.....p..#####...†.


You could see a hornet.

Vanquished Creatures
  Maggie (D:7)
  2 yaks (D:8)
  A vampire mosquito (D:9)
  An orc warrior (D:8)
  2 centaurs (D:7)
  4 kobold brigands
  A bullfrog (D:8)
  2 necrophages (D:6)
  Blork the orc (D:6)
  3 scorpions
  4 wights (D:6)
  2 jellies (D:5)
  5 hounds
  3 orc priests
  Crazy Yiuf (D:7)
  A gnoll bouda (D:6)
  2 iguanas
  6 orc wizards
  A hound zombie (D:2)
  9 gnolls
  6 adders
  3 shadow imps
  A white imp (D:5)
  2 adder skeletons (D:2)
  3 worms
  A dart slug (D:3)
  21 orcs
  6 ball pythons
  3 bat skeletons (D:2)
  A bat zombie (D:2)
  7 endoplasms
  8 giant cockroaches
  4 goblins
  8 hobgoblins
  2 jackals (D:3)
  16 kobolds
  7 quokkas
  3 ball python skeletons (D:2)
  A ball python zombie (D:2)
  7 bats
  A jackal zombie (D:2)
  A quokka zombie (D:2)
  9 rats
173 creatures vanquished.

Vanquished Creatures (others)
  3 fungi (D:7)
  3 withered plants (D:2)
6 creatures vanquished.

Grand Total: 179 creatures vanquished

Notes
Turn   | Place    | Note
-------+----------+-------------------------------------------
     0 | D:1      | Peloso the Minotaur Fighter began the quest for the Orb.
     0 | D:1      | Reached XP level 1. HP: 19/19 MP: 0/0
   123 | D:1      | Reached XP level 2. HP: 19/27 MP: 1/1
   841 | D:2      | Reached XP level 3. HP: 33/33 MP: 2/2
   924 | D:2      | Reached skill level 3 in Long Blades
  1001 | D:2      | HP: 1/33 [worm (5)]
  1353 | D:2      | Reached skill level 1 in Dodging
  1353 | D:2      | Reached XP level 4. HP: 37/40 MP: 3/3
  1586 | D:2      | Found a faded altar of an unknown god.
  1756 | D:2      | Identified the +1 chain mail of the Stone Wall {Str+4}
  1945 | D:3      | Found a sparkling altar of Nemelex Xobeh.
  2090 | D:3      | Reached skill level 4 in Long Blades
  2288 | D:3      | Found Plog's Book Emporium.
  2313 | D:3      | Found an ornate altar of the Wu Jian Council.
  2867 | D:3      | Reached XP level 5. HP: 41/46 MP: 4/4
  3069 | D:3      | HP: 2/46 [kobold brigand/+0 dagger (1)]
  3079 | D:3      | Reached skill level 5 in Armour
  3463 | D:4      | Reached XP level 6. HP: 29/53 MP: 5/5
  3646 | D:4      | Found a shimmering altar of Xom.
  3660 | D:4      | Found an iron altar of Okawaru.
  3660 | D:4      | Found a blossoming altar of Fedhas.
  3665 | D:4      | Found a snail-covered altar of Cheibriados.
  3668 | D:4      | Found a sacrificial altar of Ru.
  3671 | D:4      | Became a worshipper of Warmaster Okawaru
  3782 | D:4      | Reached skill level 5 in Long Blades
  4241 | D:4      | Found a shimmering blue altar of Sif Muna.
  4362 | D:5      | Entered Level 5 of the Dungeon
  4569 | D:5      | Reached skill level 5 in Shields
  4591 | D:5      | Identified the +0 hat of Evolution {Int+3 Slay+2}
  4752 | D:5      | Reached XP level 7. HP: 60/60 MP: 6/6
  4756 | D:5      | Reached * piety under Okawaru
  5190 | D:6      | Reached skill level 6 in Long Blades
  5415 | D:6      | Reached skill level 5 in Fighting
  5439 | D:6      | Noticed Blork the orc
  5452 | D:6      | Killed Blork the orc
  5548 | D:6      | Reached skill level 7 in Long Blades
  5864 | D:6      | Reached ** piety under Okawaru
  5865 | D:6      | Reached XP level 8. HP: 30/68 MP: 7/7
  6090 | D:6      | Reached skill level 8 in Long Blades
  6238 | D:7      | Found a white marble altar of Elyvilon.
  6334 | D:7      | Found a runed translucent door.
  6335 | D:7      | Noticed Crazy Yiuf
  6434 | D:7      | Noticed Maggie
  6434 | D:7      | Paralysed by Maggie for 3 turns
  6453 | D:7      | Killed Maggie
  6454 | D:7      | Reached skill level 9 in Long Blades
  6454 | D:7      | Reached skill level 1 in Stealth
  6506 | D:7      | Found an opulent altar of Gozag.
  6614 | D:7      | Found Jaedony's Antique Armour Shoppe.
  6664 | D:7      | Found a staircase to the Ecumenical Temple.
  6679 | Temple   | Entered the Ecumenical Temple
  7111 | D:7      | Killed Crazy Yiuf
  7150 | D:8      | Found a basalt altar of Yredelemnul.
  7221 | D:8      | Reached XP level 9. HP: 36/75 MP: 8/8
  7810 | D:8      | Found a hide-covered altar of Uskayaw.
  7894 | D:8      | Noticed a vault sentinel
  7894 | D:8      | Noticed a vault sentinel
  7956 | D:9      | Reached *** piety under Okawaru
  7978 | D:9      | Noticed a cyclops
  7980 | D:9      | Noticed a two-headed ogre
  7981 | D:9      | Noticed Pikel
  7982 | D:9      | Reached skill level 10 in Long Blades
  8055 | D:8      | Slain by a hornet

Illustrated notes

Levels and vault maps discovered:
D:1:      minmay_arrival_jagged, layout_rooms, serial_park_tiny_1
D:2:      layout_loops_ring, serial_undead, serial_undead_d, serial_undead_b,
          serial_undead_d, serial_undead_d, serial_undead_a, serial_undead_a,
          serial_undead_d, serial_undead_b, ebering_ecumenical_altar_sacrificial
D:3:      layout_loops_corners, mainiacjoe_overflow_cross_hatched,
          lemuel_tele_altar, serial_shops, nicolae_diamond_shop,
          minmay_misc_feat_encased
D:4:      layout_basic, lemuel_blue_sif_altar, minitemple
D:5:      layout_rooms, kennysheep_nondescript, chequers_serial_rivers_large_a,
          nicolae_concentric_dashed_squares_wild
D:6:      layout_loops_ring, uniq_blork_the_orc
D:7:      layout_cave_pools, elyvilon_altar_1, grunt_gozag_breadcrumbs,
          minmay_temple_entry_nine_rooms, serial_shops, nicolae_shop_trees,
          uniq_crazy_yiuf_cottage, uniq_maggie
D:8:      layout_cave_pods, yredelemnul_altar_generic,
          nicolae_uskayaw_murder_on_the_dancefloor, hellmonk_guarded_unrand_gong
D:9:      layout_cave_pools, zombieorc2_lemuel, serial_park, serial_park_square3
          [serial_park_minivault_5x5_6], serial_park_tiny_2,
          serial_park_square2, serial_park_tiny_2, uniq_pikel
Temple:   kb_temple_of_zot

Skill      XL: |  1  2  3  4  5  6  7  8  9 |
---------------+----------------------------+-----
Armour         | 4 5 6 7 8 |  8.3
Fighting       | 4 5 6 |  6.6
Shields        | 4 5 6 7 |  7.0
Long Blades    | 3 4 5 7 9 10 | 10.3
Dodging        | 1 2 |  2.6
Stealth        | 1 |  1.2
Invocations    | |  0.9

Action                   |  1- 3 |  4- 6 |  7- 9 || total
-------------------------+-------+-------+-------++-------
Melee: Long sword        |   121 |   169 |   247 ||   537
       Headbutt          |    16 |    29 |    54 ||    99
Throw: Throwing net      |       |       |     1 ||     1
Invok: Heroism           |       |       |     9 ||     9
  Use: Scroll            |       |     4 |     4 ||     8
       Potion            |       |     2 |       ||     2
Armor: Scale mail        |    89 |    53 |       ||   142
       Chain mail        |       |    32 |   158 ||   190
Dodge: Dodged            |    66 |    72 |   106 ||   244
Block: Buckler           |    35 |    47 |    66 ||   148
